 Dungeon Crawl Stone Soup version 0.21.1-1-g345015fe64 (console) character file.

1243 JoyOfArete the Cleaver (level 8, -4/73 HPs)
             Began as a Hill Orc Monk on June 11, 2018.
             Was a Believer of Beogh.
             Slain by a wight
             ... wielding a +4 halberd of freezing
              (13 damage)
             ... on level 6 of the Dungeon.
             The game lasted 00:15:02 (7194 turns).

JoyOfArete the Cleaver (Hill Orc Monk)              Turns: 7194, Time: 00:15:03

Health: -4/73      AC:  8    Str: 16    XL:     8   Next: 50%
Magic:  8/8        EV: 10    Int: 10    God:    Beogh [**....]
Gold:   270        SH:  5    Dex: 13    Spells: 7/7 levels left

rFire    . . .     SeeInvis .   a - +0 hand axe
rCold    . . .     Gourm    .   (no shield)
rNeg     . . .     Faith    .   u - +0 scale mail
rPois    .         Spirit   .   (no helmet)
rElec    .         Reflect  +   (no cloak)
rCorr    .         Harm     .   (no gloves)
MR       .....                  x - +0 pair of boots
Stlth    +.........             v - +5 amulet of reflection
HPRegen  0.22/turn              Q - ring of stealth
MPRegen  0.11/turn              (no ring)

@: drained
A: no striking features
a: Smiting, Renounce Religion


You were on level 6 of the Dungeon.
You worshipped Beogh.
Beogh was pleased with you.
You were hungry.

You visited 1 branch of the dungeon, and saw 6 of its levels.

You collected 270 gold pieces.


   Skills:
 + Level 7.0(5.9) Fighting
 * Level 10.0(8.8) Axes
 + Level 5.2(4.1) Armour
 - Level 2.4(1.4) Dodging
 - Level 1.5(0.6) Stealth


You had 7 spell levels left.
You didn't know any spells.

Inventory:

Hand Weapons
 a - a +0 hand axe (weapon)
Missiles
 l - 47 stones (quivered)
Armour
 u - a +0 scale mail (worn)
 x - a +0 pair of boots (worn)
Jewellery
 v - a +5 amulet of reflection (around neck)
 Q - a ring of stealth (left hand)
Wands
 k - a wand of paralysis (2)
 w - a wand of disintegration (11)
Scrolls
 b - a scroll of random uselessness {unknown}
 d - 4 scrolls of teleportation {@r4}
 g - a scroll of enchant armour {unknown}
 h - 6 scrolls of remove curse {@r2}
 m - 3 scrolls of amnesia {unknown}
 n - 2 scrolls of immolation {unknown}
 q - a scroll of magic mapping {unknown}
Potions
 e - a potion of berserk rage {!q}
 f - 2 potions of haste {unknown}
 i - a potion of agility {unknown}
 j - a potion of resistance {unknown}
 o - a potion of lignification {!q}
 p - 3 potions of curing {@q1}
 r - a potion of might {unknown}
 s - a potion of brilliance {unknown}
 t - a potion of magic {unknown}
Comestibles
 c - 10 rations {@e1}

Dungeon Overview and Level Annotations

Branches:
Dungeon (6/15)             Temple (0/1) D:5

Altars:
Cheibriados

Annotations:
D:3 exclusion: downstairs
D:4 Blork the orc

###.................#
....###.............#
#########..###.###.........# ...
.......#...###........##
#....#.#...#.####.......#.#
#.##...............#.##.#.##
#.######.#...##...##....#..# #..
#.#............#.##.# #.#
#.##.#.#.#####.#.##.### #.###
#.##.#.#....##.#.##...#
####...####.##.#.#.......#.####.#
+..........................>....#
######....#.##..##............###
#........###.#.....####.##.#
#......#####............#..#
#..................###..#.#######
#.....######..z#.#.##.....#.....#
.'...... #.#)#.#.#....###.###.#
..#......# #z#@..#..........###.#
.........# #.#.........#........#
........# #.##z.#....##.).....##
#.##............###.#
#z#...#.##.###.<..#.#
#.#.....##.....#..#.#
........######......# ....#....
▒▒▒##..# .....#.#. ...# ...).
▒##.# ....... ..# ###


You could see 2 wights.


Message History

a mace; a robe You hit the wight but do no damage.
The wight is heavily damaged.
The wight hits you with a halberd of freezing!
* * * LOW HITPOINT WARNING * * *
You feel drained.
* * * LOW HITPOINT WARNING * * *
The wight freezes you.
* * * LOW HITPOINT WARNING * * *
You hit the wight but do no damage.
The wight is heavily damaged.
The wight hits you but does no damage.
You hit the wight.
The wight is heavily damaged.
You hit the wight but do no damage.
The wight is heavily damaged.
The wight hits you but does no damage.
A wight comes into view. It is wielding a quarterstaff.
Press: ? - help, v - describe, . - travel
Here: a wight, wielding a halberd of freezing and wearing a robe (heavily damaged)
The floor.
Unknown command.
You hit the wight.
The wight is almost destroyed.
The wight hits you with a halberd of freezing!
* * * LOW HITPOINT WARNING * * *
The wight freezes you.
* * * LOW HITPOINT WARNING * * *
The wight hits you from afar with a halberd of freezing!
You die...

Skill      XL: |  1  2  3  4  5  6  7  8 |
---------------+-------------------------+-----
Armour         | 1 2 3 4 5 |  5.2
Fighting       | 4 5 6 7 |  7.0
Axes           | 5 6 8 9 10 | 10.0
Dodging        | |  2.4
Stealth        | |  1.5

Action                   |  1- 3 |  4- 6 |  7- 9 || total
-------------------------+-------+-------+-------++-------
Melee: Hand axe          |   107 |   246 |   242 ||   595
Throw: Stone             |     1 |       |     3 ||     4
Invok: Convert to Beogh  |       |       |     1 ||     1
Evoke: Wand              |       |     1 |     8 ||     9
  Use: Scroll            |       |     4 |     1 ||     5
       Potion            |       |     1 |     1 ||     2
 Stab: Sleeping          |       |     2 |       ||     2
       Paralysed         |       |    11 |       ||    11
  Eat: Chunk             |     4 |     6 |     3 ||    13
       Ration            |       |     1 |     1 ||     2
Armor: Robe              |     6 |       |       ||     6
       Leather armour    |    24 |     7 |       ||    31
       Scale mail        |       |    49 |    71 ||   120
       Skin              |       |       |     4 ||     4
Dodge: Dodged            |    79 |   104 |    79 ||   262
Block: Other             |       |       |    37 ||    37

Vault maps used:
D:1:      dpeg_arrival_short_road
D:2:      lemuel_round_altar, first_ration
D:3:      chequers_ecumenical_altar_simple_redux
D:4:      grunt_temple_overflow_opulence, elyvilon_altar_4,
          nicolae_ru_great_annihilating_truth, uniq_blork_the_orc
D:5:      temple_hall_moat, uniq_ijyb, uniq_eustachio
D:6:      gammafunk_temple_overflow_statue

Notes
Turn   | Place    | Note
-------+----------+-------------------------------------------
     0 | D:1      | JoyOfArete the Hill Orc Monk began the quest for the Orb.
     0 | D:1      | Reached XP level 1. HP: 19/19 MP: 1/1
   251 | D:1      | Reached XP level 2. HP: 17/27 MP: 2/2
   545 | D:1      | Reached skill level 1 in Armour
  1273 | D:2      | Reached skill level 4 in Fighting
  1273 | D:2      | Reached XP level 3. HP: 19/33 MP: 3/3
  1641 | D:2      | Reached skill level 5 in Axes
  2180 | D:2      | Reached XP level 4. HP: 40/40 MP: 4/4
  2372 | D:2      | Found a snail-covered altar of Cheibriados.
  3118 | D:3      | Found a faded altar of an unknown god.
  3405 | D:4      | Reached skill level 2 in Armour
  3519 | D:3      | Reached skill level 6 in Axes
  3519 | D:3      | Reached XP level 5. HP: 15/47 MP: 5/5
  3816 | D:4      | Noticed Blork the orc
  4588 | D:4      | >>Blork the Orc
  4589 | D:5      | Entered Level 5 of the Dungeon
  4589 | D:5      | Noticed a centaur
  4604 | D:4      | Reached skill level 5 in Fighting
  4604 | D:4      | Reached XP level 6. HP: 49/56 MP: 6/6
  4641 | D:5      | Noticed an ice beast
  4674 | D:5      | Noticed Ijyb
  4702 | D:4      | Reached skill level 3 in Armour
  4872 | D:4      | Reached skill level 7 in Axes
  4993 | D:5      | Paralysed by Ijyb for 3 turns
  5013 | D:5      | Paralysed by Ijyb for 4 turns
  5022 | D:5      | Killed Ijyb
  5056 | D:5      | Noticed Eustachio
  5225 | D:5      | Killed Eustachio
  5225 | D:5      | Reached skill level 8 in Axes
  5225 | D:5      | Reached XP level 7. HP: 42/62 MP: 7/7
  5494 | D:5      | Reached skill level 4 in Armour
  5507 | D:5      | Reached skill level 6 in Fighting
  5946 | D:5      | Became a worshipper of Beogh the Brigand
  5946 | D:5      | Reached * piety under Beogh
  5946 | D:5      | Reached ** piety under Beogh
  6135 | D:5      | Reached skill level 9 in Axes
  6135 | D:5      | Reached XP level 8. HP: 71/71 MP: 8/8
  6484 | D:5      | Found a staircase to the Ecumenical Temple.
  6734 | D:6      | Reached skill level 5 in Armour
  7187 | D:6      | Reached skill level 7 in Fighting
  7187 | D:6      | Reached skill level 10 in Axes
  7194 | D:6      | Slain by a wight

Vanquished Creatures
  Eustachio (D:5)
  An ice beast (D:5)
  A sky beast (D:5)
  An ogre (D:6)
  A centaur (D:5)
  A scorpion (D:4)
  A wight (D:6)
  A howler monkey (D:5)
  2 bullfrog zombies (D:5)
  2 crimson imps (D:5)
  2 jellies (D:5)
  A bullfrog skeleton (D:6)
  Ijyb (D:5)
  An iguana (D:3)
  6 worker ants
  An orc wizard (D:3)
  A worker ant zombie (D:5)
  7 gnolls
  A howler monkey skeleton (D:6)
  3 adders
  3 worms
  A dart slug (D:2)
  3 leopard geckos
  3 orcs
  5 bats
  6 giant cockroaches
  3 goblins
  10 hobgoblins
  4 jackals (D:3)
  A quokka (D:2)
  2 frilled lizards (D:1)
  13 kobolds
  A leopard gecko skeleton (D:5)
  A leopard gecko zombie (D:5)
  9 rats
101 creatures vanquished.

Vanquished Creatures (others)
  A quokka (D:4)
1 creature vanquished.

Grand Total: 102 creatures vanquished

Table legend:
 A = Turns spent in this place as a percentage of turns spent in the entire game.
 B = Non-inter-level travel turns spent in this place as a percentage of non-inter-level travel turns spent in the entire game.
 C = Inter-level travel turns spent in this place as a percentage of turns spent in this place.
 D = Turns resting spent in this place as a percentage of non-inter-level travel turns spent in this place.
 E = Turns spent auto-exploring this place as a percentage of non-inter-level travel turns spent in this place.
 F = Non-inter-level travel turns spent in this place divided by the number of levels of this place that you've seen.
                   A       B       C       D       E      F
               +-------+-------+-------+-------+-------+----------------------
         Total | 100.0 | 100.0 |   4.4 |  43.8 |  36.7 | 1145.8
       Dungeon | 100.0 | 100.0 |   4.4 |  43.8 |  36.7 | 1145.8
               +-------+-------+-------+-------+-------+----------------------

Table legend:
 A = Spawn XP
 B = Non-spawn XP
 C = Spawn XP percentage of total XP
 D = Spawn monster count
 E = Non-spawn monster count
 F = Spawn count percentage of total count
 G = Total turns spent on level
                    A         B        C        D         E        F      G
               +---------+---------+-------+---------+---------+-------+---------
         Total |       0 |    1777 |   0.0 |       0 |     101 |   0.0 |  7194
               +---------+---------+-------+---------+---------+-------+---------
           D:1 |       0 |      32 |   0.0 |       0 |      21 |   0.0 |  1272
           D:2 |       0 |      52 |   0.0 |       0 |      21 |   0.0 |  1178
           D:3 |       0 |     126 |   0.0 |       0 |      19 |   0.0 |  1846
           D:4 |       0 |     188 |   0.0 |       0 |      10 |   0.0 |   728
           D:5 |       0 |    1070 |   0.0 |       0 |      23 |   0.0 |  1804
           D:6 |       0 |     309 |   0.0 |       0 |       7 |   0.0 |   366
               +---------+---------+-------+---------+---------+-------+---------
